Construct Weapon Support Center
Selects Airborne Battlegroup
Selects Heavy Machine Gun Paradrop
Heavy Machine Gun Paradrop
Selects Paratrooper Squad Paradrop
Paratrooper Squad Paradrop
M3 Armored Personnel Carrier
Selects Anti-tank Gun Team Paradrop
M3 Armored Personnel Carrier
Anti-tank Gun Team Paradrop
Improved M9 Bazooka Rockets
M1918 Browning Automatic Rifles
Paratrooper Squad Paradrop
Anti-tank Gun Team Paradrop
Selects Carpet Bombing Run
Advanced Air Reconnaissance
Anti-tank Gun Team Paradrop
Grasshopper High-Altitude Recon Run
Heavy Machine Gun Paradrop
Heavy Machine Gun Paradrop
Paratrooper Squad Paradrop
Heavy Machine Gun Paradrop
M3 Armored Personnel Carrier
Heavy Machine Gun Paradrop
Paratrooper Squad Paradrop